 Dungeon Crawl Stone Soup version 0.23.2-1-ga50397a (webtiles) character file.

Game seed: 15392531336244751126

515 bibi the Skirmisher (level 7, -1/61 HPs)
             Began as a Pale Draconian Wanderer on May 29, 2019.
             Was an Initiate of Gozag.
             Slain by an orc wizard
             ... wielding a +0 dagger
              (3 damage)
             ... on level 5 of the Dungeon.
             The game lasted 00:34:55 (5836 turns).

bibi the Skirmisher (Pale Draconian Wanderer)       Turns: 5836, Time: 00:34:56

Health: -1/61      AC: 11    Str: 15    XL:     7   Next: 0%
Magic:  7/7        EV: 12    Int: 12    God:    Gozag
Gold:   294        SH:  0    Dex: 12    Spells: 6/6 levels left

rFire    . . .     SeeInvis .   y - +3 hunting sling
rCold    . . .     Gourm    .   (no shield)
rNeg     . . .     Faith    .   (armour unavailable)
rPois    .         Spirit   .   (helmet restricted)
rElec    .         Reflect  .   (no cloak)
rCorr    .         Harm     .   (no gloves)
MR       .....                  o - +0 pair of boots
Stlth    +.........             r - amulet of magic regeneration
HPRegen  0.20/turn              F - +3 ring of protection
MPRegen  0.35/turn              B - +1 ring of protection

@: confused, flying
A: breathe steam, unfitting armour, cold-blooded, AC +6
a: Breathe Steam, Potion Petition, Call Merchant, Bribe Branch, Renounce
Religion


You were on level 5 of the Dungeon.
You worshipped Gozag.
Gozag was aware of your devotion.
You were not hungry.

You visited 1 branch of the dungeon, and saw 5 of its levels.

You collected 316 gold pieces.
You paid 22 gold pieces to Gozag.

Inventory:

Hand Weapons
 a - a +2 spear
 b - a +0 shortbow
 j - a cursed +0 dagger
 p - a +0 short sword
 x - a +0 falchion
 y - a +3 hunting sling (weapon)
 I - a +0 whip
Missiles
 c - 53 arrows
 m - 21 bolts
 n - 173 stones (quivered)
 t - 10 tomahawks
Armour
 f - a +0 leather armour
 o - a +0 pair of boots (worn)
 E - a +0 helmet
 J - a +2 helmet
 N - a +0 robe
Jewellery
 h - an uncursed ring of resist corrosion
 r - an amulet of magic regeneration (around neck)
 B - a +1 ring of protection (right hand)
 F - a +3 ring of protection (left hand)
 H - a -3 ring of dexterity
 M - a cursed ring of attention {unknown}
Wands
 C - a wand of enslavement (7)
 L - a wand of iceblast (8)
Scrolls
 d - 3 scrolls of teleportation
 e - 4 scrolls of identify
 i - 2 scrolls of immolation
 k - a scroll of fear {unknown}
 q - 2 scrolls of fog {unknown}
 v - 3 scrolls of remove curse
 w - a scroll of enchant armour {unknown}
 O - 2 scrolls of amnesia {unknown}
Potions
 g - a potion of ambrosia
 s - a potion of brilliance {unknown}
 z - 3 potions of curing {unknown}
 A - a potion of flight
 D - a potion of magic {unknown}
 G - a potion of agility {unknown}
 K - a potion of resistance {unknown}
Comestibles
 u - 7 rations


   Skills:
 + Level 5.3 Fighting
 - Level 1.0 Polearms
 + Level 4.7 Bows
 + Level 2.5 Dodging
 + Level 3.2 Stealth
   Level 1.0 Shields
 - Level 1.1 Evocations


You had 6 spell levels left.
You didn't know any spells.
Your spell library was empty.

Dungeon Overview and Level Annotations

Branches:
Dungeon (5/15)
 Temple: D:4-7

Altars:
Gozag
Qazlal
Uskayaw
Zin

Shops:
D:2 *


Innate Abilities, Weirdness & Mutations

You can breathe blasts of scalding, opaque steam.
Your pale cyan-grey scales are hard. (AC +6)
You cannot fit into any form of body armour.
You are cold-blooded and may be slowed by cold attacks.


Message History

You hear some strange, mumbled words.
A magic dart appears from out of thin air!
The magic dart hits you but does no damage.
You're too confused!
Unknown command.
Unknown command.
Unknown command.
You're too confused to move!
Something hits you.
* * * LOW HITPOINT WARNING * * *
The orc misses you. Something hits you but does no damage.
You hear some strange, mumbled words.
A magic dart appears from out of thin air!
The magic dart hits you.
* * * LOW HITPOINT WARNING * * *
An adder comes into view.
You're too confused to move!
The adder hisses angrily.
Something hits you.
You die...
Your body crumbles into a pile of gold.

##..##
#..# #..+
##.# #.##
#$.##
##$$##
##o{###
##@..#
##(.5...S
######.


You could see an adder, a shadow imp and an orc.

Vanquished Creatures
  2 scorpions (D:4)
  A hound (D:4)
  A jelly (D:5)
  2 orc priests (D:4)
  A bullfrog skeleton (D:4)
  2 worker ants
  An orc wizard (D:3)
  A killer bee zombie (D:5)
  3 adders
  4 oozes
  An adder skeleton (D:4)
  2 worms
  4 dart slugs
  8 leopard geckos
  16 orcs
  8 giant cockroaches
  10 goblins
  2 hobgoblins
  4 jackals
  6 kobolds
  2 quokkas
  A ball python (D:1)
  3 bats (D:1)
  8 frilled lizards
  A jackal skeleton (D:4)
  A leopard gecko skeleton (D:4)
  A leopard gecko zombie (D:3)
  A quokka skeleton (D:4)
  4 rats
  2 plants (D:1)
103 creatures vanquished.

Vanquished Creatures (others)
  An orc wizard (D:5)
1 creature vanquished.

Grand Total: 104 creatures vanquished

Notes
Turn   | Place    | Note
-------+----------+-------------------------------------------
     0 | D:1      | bibi the Draconian Wanderer began the quest for the Orb.
     0 | D:1      | bibi set off with the following items: a +2 spear, a +0
                  | shortbow, 21 arrows, a scroll of teleportation, a ration
     0 | D:1      | Reached XP level 1. HP: 19/19 MP: 1/1
    88 | D:1      | Reached XP level 2. HP: 21/27 MP: 2/2
   711 | D:1      | Reached XP level 3. HP: 33/33 MP: 3/3
   738 | D:1      | Reached skill level 4 in Fighting
  2163 | D:2      | Found a hide-covered altar of Uskayaw.
  2428 | D:2      | Reached XP level 4. HP: 24/40 MP: 4/4
  2900 | D:2      | Found Zin's Purification Station.
  2930 | D:2      | Found a glowing silver altar of Zin.
  3215 | D:3      | Reached skill level 1 in Dodging
  3253 | D:3      | Noticed an earth elemental
  3255 | D:3      | Found a stormy altar of Qazlal.
  3261 | D:3      | Noticed a fire elemental
  3262 | D:3      | Noticed an air elemental
  3262 | D:3      | Noticed a water elemental
  3348 | D:3      | Reached XP level 5. HP: 46/47 MP: 5/5
  3530 | D:3      | Found an opulent altar of Gozag.
  3544 | D:3      | Became a worshipper of Gozag Ym Sagoz the Greedy
  4084 | D:4      | Found a sand-covered staircase.
  5107 | D:4      | Reached XP level 6. HP: 40/55 MP: 6/6
  5195 | D:4      | Reached skill level 5 in Fighting
  5768 | D:5      | Entered Level 5 of the Dungeon
  5770 | D:5      | Noticed an ice beast
  5826 | D:5      | Your scales start taking on a pale cyan-grey colour.
  5826 | D:5      | Reached XP level 7. HP: 23/61 MP: 7/7
  5835 | D:5      | HP: 2/61 [something/magic dart (4)]
  5836 | D:5      | Slain by an orc wizard

Skill      XL: |  1  2  3  4  5  6 |
---------------+-------------------+-----
Bows           | 3 4 |  4.7
Fighting       | 4 5 |  5.3
Dodging        | 1 2 |  2.5
Stealth        | 2 3 |  3.2
Polearms       | |  1.0
Shields        | |  1.0
Evocations     | |  1.1

Action                   |  1- 3 |  4- 6 |  7- 9 || total
-------------------------+-------+-------+-------++-------
Melee: Spear             |   158 |    13 |       ||   171
       Tailslap          |    34 |     2 |       ||    36
 Fire: Shortbow          |    93 |       |       ||    93
       Hunting sling     |       |   214 |     7 ||   221
Throw: Stone             |    11 |       |       ||    11
  Use: Scroll            |       |     5 |       ||     5
       Potion            |       |     4 |       ||     4
  Eat: Ration            |     1 |     3 |       ||     4
       Chunk             |     1 |     1 |       ||     2
Armor: Skin              |    39 |    90 |    12 ||   141
Dodge: Dodged            |    54 |   124 |     3 ||   181
